Cogmind - Beta 17 @@@ ROGUE MODE // 2026.07.21 @ 12:50:45 Player: oskarw Result: Self-destructed Performance ------------- Evolutions (1) 500 Regions Visited (3) 600 Robots Destroyed (27) 135 Value Destroyed (871) 871 Prototype IDs (4) 80 Alien Tech Used (0) 0 Bonus (0) 0 TOTAL SCORE: 2186 Bonus ------- None Cogmind --------- Core Integrity 107/400 Matter 275/300 Energy 160/160 System Corruption 0% Temperature Hot (225) Movement Walking (190) Ox1 Location -9/Storage Parts ------- > --- POWER (1) -------- Light Nuclear Core > --- PROPULSION (4) --- Aluminum Leg Aluminum Leg > --- UTILITY (2) ------ Large Storage Unit > --- WEAPON (2) ------- Beam Rifle Improved Light Cannon > --- INVENTORY (15) --- Heavy Ion Engine Light Treads Compact Wheel Improved Targeting Computer ECM Suite ECM Suite Beam Rifle Rocket Launcher Heavy Hammer Peak State ------------ > --- POWER ------------ Heavy Ion Engine > --- PROPULSION ------- Aluminum Leg Aluminum Leg Aluminum Leg Aluminum Leg > --- UTILITY ---------- Large Storage Unit ECM Suite > --- WEAPON ----------- Beam Rifle Heavy Assault Rifle > --- INVENTORY -------- Light Ion Engine Medium Storage Unit ECM Suite Light Armor Plating Light Armor Plating Beam Rifle Particle Gun Particle Gun Assault Rifle Heavy Assault Rifle Rocket Launcher [Rating: 14] Favorites ----------- Power Light Ion Engine Engine Light Ion Engine Power Core Light Nuclear Core Propulsion Aluminum Leg Treads Light Treads Leg Aluminum Leg Wheel Compact Wheel Utility Large Storage Unit Device ECM Suite Storage Large Storage Unit Protection Light Armor Plating Weapon Beam Rifle Energy Gun Beam Rifle Ballistic Gun Assault Rifle Ballistic Cannon Improved Light Cannon Launcher Rocket Launcher Build | -11 -10 -9 -9 ------- Run | Yrd Mat Mat Sto Slots Evolved 2 | . . 2 . Power . | . . . . Propulsion 2 | . . 2 . Utility . | . . . . Weapon . | . . . . Parts Attached 37 | 6 7 12 12 Power 6 | 1 . 3 2 Engine 5 | 1 . 3 1 Core 1 | . . . 1 Reactor . | . . . . Propulsion 11 | 2 . 5 4 Treads 1 | . . . 1 Leg 9 | 2 . 5 2 Wheel 1 | . . . 1 Hover . | . . . . Flight . | . . . . Utility 8 | 1 2 1 4 Device 2 | . 1 . 1 Storage 3 | 1 1 1 . Processor . | . . . . Hackware . | . . . . Protection 3 | . . . 3 Artifact . | . . . . Weapon 12 | 2 5 3 2 Energy Gun 5 | 1 2 2 . Energy Cannon . | . . . . Ballistic Gun 4 | 1 1 1 1 Ballistic Cannon 1 | . . . 1 Launcher 2 | . 2 . . Special Weapon . | . . . . Impact Weapon . | . . . . Slashing Weapon . | . . . . Piercing Weapon . | . . . . Special Melee Weapon . | . . . . Unidentified Prototypes 2 | . 1 1 . Parts Lost 16 | . . 2 14 Power 2 | . . 1 1 Propulsion 8 | . . 1 7 Utility 3 | . . . 3 Weapon 3 | . . . 3 Highest Loss Streak 11 | . . 1 11 To Critical Strikes . | . . . . Average Backups 7 | 2 7 8 8 Power . | . 1 1 . Propulsion 1 | 1 2 . 1 Utility 2 | . . 3 3 Weapon 3 | . 3 3 2 Tool/Special . | . . . . Unused Backups 11 | . 5 1 5 Power . | . . . . Propulsion 5 | . 4 . 1 Utility 2 | . . . 2 Weapon 4 | . 1 1 2 Tool/Special . | . . . . Average Slot Usage (%) 92 | . 95 99 81 Engine 9 | . 14 11 4 Core 1 | . . . 4 Treads 1 | . . . 6 Leg 34 | . 28 43 28 Device 7 | . 9 11 2 Storage 11 | . 14 11 11 Protection 1 | . . . 5 Energy Gun 11 | . 12 11 10 Ballistic Gun 9 | . 14 11 3 Ballistic Cannon 1 | . . . 4 Peak Build Rating 14 | 6 9 14 14 Average Rating 10 | 4 8 12 11 On Entrance 7 | . 6 9 14 Avg Prop Armor Cover (%) 7 | . . 6 9 Naked Turns . | . . . . Heaviest Build 37 | 12 20 36 37 Greatest Support 40 | 20 20 40 40 Greatest Overweight (x) 3 | 2 . 1 3 Average Overweight (x) . | . . . . Largest Inventory Capacity 15 | 8 10 15 15 Average Capacity 12 | 7 8 14 15 Most Carried 11 | 6 8 11 11 Average Carried 7 | 3 7 7 8 Final Capacity 15 | 8 10 15 15 Final Carried 11 | 6 8 11 9 Class Distribution -------------------- 71% | Mutant 28% | Scavenger-Mutant Dominant Class ---------------- Mutant | -10/Materials Mutant | -9/Materials Scavenger-Mutant | -9/Storage Resources | -11 -10 -9 -9 ----------- Run | Yrd Mat Mat Sto Matter Collected 899 | 242 103 299 255 Remotely 10 | . . . 10 Salvage Created 1103 | . 144 473 486 Parts 56 | . 7 26 23 Haulers Intercepted . | . . . . Recyclers Shooed 3 | . . 1 2 Parts Field Recycled . | . . . . Retrieved Matter . | . . . . Parts Self-Destructed . | . . . . Prevented . | . . . . Parts Restored . | . . . . Kills | -11 -10 -9 -9 ------- Run | Yrd Mat Mat Sto Combat Hostiles Destroyed 19 | . 3 10 6 Guns 15 | . 2 10 3 Cannons 2 | . . . 2 AOE 1 | . 1 . . Classes Destroyed 5 | . 3 2 . Recycler 4 | . 1 . 3 Watcher 4 | . 2 1 1 Grunt 12 | . 3 5 4 Brawler 1 | . . 1 . Sentry 6 | . . 4 2 Best Kill Streak 4 | . 3 4 4 Combat Bots Only 3 | . 2 3 2 Max Kills in Single Turn 2 | . 2 1 1 Gunslinging . | . . . . Exploded 1 | . 1 . . Melee . | . . . . Uniques/NPCs Destroyed . | . . . . Combat | -11 -10 -9 -9 -------- Run | Yrd Mat Mat Sto Hostile Shots Fired 223 | . 25 84 114 Missed 49 | . 10 20 19 Hits 174 | . 15 64 95 Melee 5 | . . 4 1 Projectile 169 | . 15 60 94 Critical Strikes 10 | . . 4 6 Damage Taken 2387 | . 172 870 1345 Core 331 | . 38 116 177 Absorbed by Shields 4 | . . . 4 Regen/Repaired (Parts) 83 | . . 83 . Core Remaining (%) 92 | 100 84 . . Volleys Fired 97 | . 20 38 39 Largest 2 | . 2 2 2 Hottest 89 | . 85 88 89 Shots Fired 186 | . 40 76 70 Gun 163 | . 36 76 51 Cannon 19 | . . . 19 Launcher 4 | . 4 . . Special . | . . . . Kinetic 98 | . 21 38 39 Thermal 84 | . 15 38 31 Explosive 4 | . 4 . . Electromagnetic . | . . . . Robot Hit Streak 16 | . 11 16 11 Robot Miss Streak 4 | . 4 2 2 Penetration Max . | . . . . Secondary Targets 1 | . . 1 . Max Gunslinging Chain 1 | . . 1 . Shots Hit Robots 142 | . 23 63 56 Core Hits 44 | . 9 19 16 Critical Kills . | . . . . Critical Parts Destroyed . | . . . . Critical Strikes 12 | . . 6 6 Burn 11 | . . 6 5 Blast 1 | . . . 1 Melee Attacks . | . . . . Impact . | . . . . Slashing . | . . . . Piercing . | . . . . Sneak Attacks . | . . . . Combat Hostiles . | . . . . Follow-up Attacks . | . . . . Damage Inflicted 2504 | . 634 932 938 Guns 1870 | . 297 932 641 Cannons 294 | . . . 294 Explosions 337 | . 337 . . Melee . | . . . . Ramming 3 | . . . 3 Kinetic 1157 | . 141 460 556 Thermal 1007 | . 156 472 379 Explosive 337 | . 337 . . Electromagnetic . | . . . . Impact . | . . . . Slashing . | . . . . Piercing . | . . . . Highest Corruption . | . . . . Average Corruption . | . . . . Corruption Purged . | . . . . Corruption Blocked . | . . . . Overload Shots . | . . . . Overflow Damage 1 | . 1 . . Projectiles . | . . . . Explosions 1 | . 1 . . Melee . | . . . . Knockbacks . | . . . . Impact . | . . . . Kinetic . | . . . . Secondary . | . . . . Self-Inflicted Damage . | . . . . Shots . | . . . . Rammed . | . . . . Targets Rammed 1 | . . . 1 Kicked 1 | . . . 1 Crushed . | . . . . Highest Temperature 361 | . 264 253 361 Average Temperature 102 | . 94 85 125 Received Heat Transfer 1103 | . 96 381 626 Effects 3 | . . 2 1 Energy Bleed 2 | . . 2 . Matter Decay 1 | . . . 1 Siege Activations . | . . . . Martial Activations . | . . . . Shielding Activations . | . . . . Robots Disrupted . | . . . . Combat Hostiles . | . . . . Robots Corrupted . | . . . . Combat Hostiles . | . . . . Parts Fried . | . . . . Impact Corruptions . | . . . . Robots Melted 1 | . . . 1 Combat Hostiles 1 | . . . 1 Parts Melted 8 | . 2 4 2 Heat Transferred 3330 | . 370 1628 1332 Parts Sabotaged . | . . . . Parts Stolen . | . . . . Parts Stripped . | . . . . Power Chain Reactions . | . . . . Alert | -11 -10 -9 -9 ------- Run | Yrd Mat Mat Sto Maximum Alert Level . | . . . . Low Security (%) 100 | 100 100 100 100 Level 1 . | . . . . Level 2 . | . . . . Level 3 . | . . . . Level 4 . | . . . . Level 5 . | . . . . High Security . | . . . . Max Security . | . . . . Peak Influence 110 | . 75 110 60 Initial 35 | . . . 35 Average 33 | . 26 47 24 Influence Increases 672 | . 148 306 218 Destroy 0b10 Robot/C 380 | . 60 200 120 Destroy 0b10 Robot/NC 40 | . 15 5 20 Destroy Leader 128 | . 24 62 42 Successful Hack 33 | . 4 24 5 Disable Machine 45 | . 45 . . Destroy Structure 1 | . . . 1 Lose Combat Pursuer 45 | . . 15 30 Influence Decreases 672 | . 148 220 304 Entered New Map 51 | . . . 51 Time Decay 521 | . 148 200 173 Lost Part 100 | . . 20 80 Squads Dispatched 5 | . 1 1 3 Investigation 1 | . 1 . . Extermination . | . . . . Reinforcement 3 | . . 1 2 Assault . | . . . . Garrison 1 | . . . 1 Intercept . | . . . . Searches Triggered . | . . . . Construction Impeded . | . . . . Haulers Reinforced . | . . . . Active Scanning Responses . | . . . . Cargo Convoy Interrupts . | . . . . Stealth | -11 -10 -9 -9 --------- Run | Yrd Mat Mat Sto Distress Signals 5 | . 1 2 2 Communications Jammed . | . . . . Distress Signals . | . . . . Times Spotted 41 | . 11 19 11 Peak Tracking Total 6 | . 4 6 5 Tactical Retreats 3 | . . 2 1 ECM-based Alert Blocks 1 | . . 1 . Traps | -11 -10 -9 -9 ------- Run | Yrd Mat Mat Sto Traps Triggered 2 | . 1 . 1 Indirectly . | . . . . Trap Hack Attempts . | . . . . Triggered . | . . . . Disarmed . | . . . . Reprogrammed 1 | . . . 1 Reused . | . . . . Traps Extracted . | . . . . Installed . | . . . . Triggered . | . . . . Machines | -11 -10 -9 -9 ---------- Run | Yrd Mat Mat Sto Machines Disabled 3 | . 3 . . Max in Single Turn 2 | . 2 . . Machines Repaired . | . . . . Machines Dismantled . | . . . . Machines Sabotaged . | . . . . Overloaded Fab Kills . | . . . . Hacking | -11 -10 -9 -9 --------- Run | Yrd Mat Mat Sto Machines Accessed 4 | . 2 1 1 Terminals 2 | . 1 . 1 Fabricators . | . . . . Repair Stations 1 | . . 1 . Recycling Units 1 | . 1 . . Scanalyzers . | . . . . Garrison Access . | . . . . Total Hacks 15 | . 8 4 3 Successful 12 | . 6 3 3 Failed 3 | . 2 1 . Catastrophic . | . . . . Database Lockouts . | . . . . Manual . | . . . . Terminals 5 | . 2 . 3 Fabricators . | . . . . Repair Stations 4 | . . 4 . Recycling Units 6 | . 6 . . Scanalyzers . | . . . . Garrison Access . | . . . . Terminal Hacks 4 | . 1 . 3 Prototype ID Bank 1 | . . . 1 Emergency Access Points 1 | . 1 . . Locate Traps 1 | . . . 1 Reprogram Traps 1 | . . . 1 Fabricator Hacks . | . . . . Repair Station Hacks 3 | . . 3 . Scan Component 2 | . . 2 . Repair 1 | . . 1 . Recycling Unit Hacks 5 | . 5 . . Recycle Component 2 | . 2 . . Process 2 | . 2 . . Retrieve Matter 1 | . 1 . . Scanalyzer . | . . . . Garrison Access Hacks . | . . . . Unauthorized Hacks . | . . . . Terminals . | . . . . Fabricators . | . . . . Repair Stations . | . . . . Recycling Units . | . . . . Scanalyzers . | . . . . Garrison Access . | . . . . Data Cores Recovered . | . . . . Used . | . . . . Hacking Detections 2 | . 1 1 . Full Trace Events 1 | . . 1 . Feedback Events . | . . . . Feedback Blocked . | . . . . Robot Schematics Acquired . | . . . . Robots Built . | . . . . Authchips . | . . . . Time . | . . . . Total Robot Build Rating . | . . . . Part Schematics Acquired . | . . . . Parts Built . | . . . . Authchips . | . . . . Time . | . . . . Total Part Build Rating . | . . . . Part Studies Acquired . | . . . . Parts Repaired 1 | . . 1 . Time 13 | . . 13 . Parts Recycled 2 | . 2 . . Recycled Matter 56 | . 56 . . Retrieved Matter 56 | . 56 . . Retrieved Components . | . . . . Parts Scanalyzed . | . . . . Part Schematics Acquired . | . . . . Parts Damaged . | . . . . Bothacking | -11 -10 -9 -9 ------------ Run | Yrd Mat Mat Sto Used RIF Installer . | . . . . Robots Hacked . | . . . . Non-combat . | . . . . Combat . | . . . . Robot Hacks Applied . | . . . . Relay Couplers Released . | . . . . Fabnet Peak Effective % . | . . . . Robots Rewired . | . . . . Allies Hacked . | . . . . Hacks Repelled . | . . . . Allies | -11 -10 -9 -9 -------- Run | Yrd Mat Mat Sto Total Allies . | . . . . Largest Group . | . . . . Highest-Rated Group . | . . . . Highest-Rated Ally . | . . . . Total Orders . | . . . . Ally Attacks . | . . . . Total Damage . | . . . . Kills . | . . . . Allies Corrupted . | . . . . Allies Melted . | . . . . Intel | -11 -10 -9 -9 ------- Run | Yrd Mat Mat Sto Active Infowar (turns) 471 | . 257 214 . ECM 471 | . 257 214 . Robot Analysis Total . | . . . . Derelict Logs Recovered . | . . . . Drone Launches . | . . . . Drone Recoveries . | . . . . Exploration | -11 -10 -9 -9 ------------- Run | Yrd Mat Mat Sto Turns Passed 1410 | 62 362 580 406 Spaces Moved 707 | 43 202 301 161 Core 9 | 9 . . . Treads 22 | . . . 22 Legs 675 | 34 202 301 138 Wheels 1 | . . . 1 Hover . | . . . . Flight . | . . . . Fastest Speed 50 | 50 120 120 120 Average Speed 129 | 110 120 122 157 Slowest Speed 330 | 150 120 190 330 Overloaded Moves . | . . . . Propulsion Burnouts . | . . . . Robots Hopped . | . . . . Potential Cave-ins . | . . . . Cave-ins Triggered . | . . . . Exploration Rate (%) 20 | 4 36 14 27 Regions Visited 3 Branch Regions 1 Pre-discovered Areas . | . . . . Known Exits Taken . | . . . . Unknown Exits Taken 3 | 1 1 1 . Scrap Searched . | . . . . Spaces Dug . | . . . . Terrain Destroyed . | . . . . Melee . | . . . . Projectile . | . . . . AOE . | . . . . Terrain Rammed . | . . . . Walls Destroyed . | . . . . Machines Disabled . | . . . . Actions | -11 -10 -9 -9 --------- Run | Yrd Mat Mat Sto Total 1006 | 54 281 433 238 Wait 116 | . 37 69 10 Move 704 | 42 201 300 161 Hop . | . . . . Pick Up 24 | 6 8 6 4 Fast Attach 12 | 6 1 1 4 Attach 11 | . . 3 8 Detach 1 | . . . 1 Swap 23 | . 8 10 5 Drop 12 | . 6 6 . Fire 97 | . 20 38 39 Melee . | . . . . Ram . | . . . . Kick 1 | . . . 1 Crush . | . . . . Escape Stasis 5 | . . . 5 Rewire . | . . . . Trap . | . . . . Miscellaneous . | . . . . Route ------- -11/Scrapyard -10/Materials -9/Materials -9/Storage History --------- Turn | Location | Event 16 | -11/Scrapyard | Discovered new exit (range 15) 63 | -11/Scrapyard | Entered Materials 327 | -10/Materials | Build established: Mutant 367 | -10/Materials | Discovered new exit (range 13) 425 | -10/Materials | Entered another Materials area 425 | -9/Materials | Evolved 2 slots: Propulsion x2 573 | -9/Materials | Discovered new exit (range 11) 882 | -9/Materials | Repaired Aluminum Leg 1005 | -9/Materials | Entered Storage 1122 | -9/Storage | Core integrity fell below 50% 1175 | -9/Storage | Lost 11 parts (1p5n2u3w) 1399 | -9/Storage | Garrison activated, responded to threat 1411 | -9/Storage | Self-destructed Last Messages --------------- 01376_ W-16 Scout destroyed. 01378_ K-01 Serf collects debris. 01378_ Field strength at 70. 01379_ Field strength at 55. 01380_ Critical hit (Burn: +27). 01380_ R-06 Scavenger collects Visual Processing Unit. 01380_ Field strength at 36. 01381_ Field strength at 21. 01382_ Field strength at 6. 01383_ Stasis field depleted. 01384_ U-05 Engineer lays Concrete. 01384_ K-01 Serf collects debris. 01394_ Lgt. Treads destroyed. 01399_ Y-45 Defender calls for garrison reinforcements. 01399_ ALERT: Activating Garrison Access S001. 01400_ Critical hit (Burn: +37). 01400_ Aluminum Leg destroyed. 01410_ Med. Armor Plating destroyed. Map ----- +----------------------------------------------------+ | ??????????????????????????????????????????????? | | ??????????????????????????????????????????????? | | ??????????????????????????????????????????????? | | ??????????????????????????????????????????????? | | ??????????????????????????????????????????????? | | ??????????????????????????????????????????????? | | ??????????????????????????????????????????????? | | ???????????????? ???????????????????????????? | | ???????????????+ ???????????????????????????? | | ???????????????# ???????????????????????????? | | ???????????????# ???????????????????????????? | | ???????????????# ???????????????????????????? | | ???????????????" ???????????????????????????? | | ???????????????T ???????????????????????????? | | ???????????????" #??????????????????????????? | | ???????????????# #?????????????#####????????? | | ??????#####????# #?????????????# #????????? | | ??????# ???# #???########### #????????? | | ??????# ??# #???# % # ########## | | ??????# ?# #???# # ## | | ??????# # ##### ! # ## """" | | ??????????" / ^% + r/% ## "??"" | | ???????????????# ^ ##### ! # ## "???"" | | ???????????????### #???# # ## ""???" | | ?????????????????# ##### # / "???" | | ?????????????????#%Y @l # ## "??" | | ?????????????????#######+######### ## | | ?????????????????????????????????# ########## | | ?????????????????????????????????# #????????? | | ?????????????????????????????????# #????????? | | ?????????????????????????????????# #????????? | | ?????????????????????????????????# +????????? | | ?????????????????????????????????# #????????? | | ?????????????????????????????????# +????????? | | ?????????????????????????????????# #????????? | | ????????????????????????????????? #????????? | | ?????????????????????????????????##+#?????????? | | ??????????????????????????????????? ??????????? | | ??????????????????????????????????? ??????????? | | ??????????????????????????????????????????????? | | ??????????????????????????????????????????????? | | ??????????????????????????????????????????????? | | ??????????????????????????????????????????????? | | ??????????????????????????????????????????????? | | ??????????????????????????????????????????????? | | ??????????????????????????????????????????????? | | ??????????????????????????????????????????????? | | ??????????????????????????????????????????????? | | ??????????????????????????????????????????????? | | ??????????????????????????????????????????????? | +----------------------------------------------------+ Best States ------------- Heat Dissipation 28 Energy Generation 14 Energy Capacity 280 Matter Stores 300 Matter Capacity 300 Sight Range 16 Terrain Scan Density 10 ECM Strength 1 Armor Coverage 225 Evasion (%) 55 Recoil Reduction 1 Item Schematics ----------------- None Robot Schematics ------------------ None Fabricated ------------ Nothing Repaired ---------- Aluminum Leg | 7% | -9/Materials Studied --------- None Alien Tech Used ----------------- None Achievements -------------- None Challenges ------------ None Game ------ Seed RingWaveObfuscator Manual? 0 Play Time 00:25:38 Cumulative 2.6 hours Start 2026.07.21 @ 12:24:39 End 2026.07.21 @ 12:50:45 Sessions 1 Manual Loads 0 Difficulty Rogue Special Mode None Game No. 6 Rogue 6 Adventurer 0 Explorer 0 Win Type - Total 0 Types 0/0/0/0/0/0/0/0/0/0 Lore% 1 Gallery% 7 Achievement% 8 Wizard Run 0 Options --------- Layout 1 ASCII 0 Keyboard 0 Movement Numpad Keybinds 0 Fullscreen 1 Font 24/Smallcaps Map View 50x35 Zoom Use 0% Tactical HUD 1 Map Filters NONE Filters NONE Steam 1 RUN: 17f185ff-b255-4adc-b74f-d664dad833f7